 Dungeon Crawl Stone Soup version 0.26-a0-665-gefeb406119 (console) character file.

Game seed: 1540239891986638471

1866 Ignak the Grave Robber (level 9, 0/65 HPs)
             Began as a Gnoll Necromancer on Oct 15, 2020.
             Was an Initiate of Okawaru.
             Killed from afar by a steam dragon (24 damage)
             ... with a ball of steam
             ... on level 7 of the Dungeon.
             The game lasted 00:30:08 (7981 turns).

Ignak the Grave Robber (Gnoll Necromancer)          Turns: 7981, Time: 00:30:09

Health: 0/65       AC:  4    Str: 10    XL:     9   Next: 13%
Magic:  1/18       EV: 17    Int: 21    God:    Okawaru [......]
Gold:   90         SH:  5    Dex: 19    Spells: 7/20 levels left

rFire    . . .     SeeInvis .   y - +3 spear {vorpal, Dex+3}
rCold    . . .     Faith    .   (no shield)
rNeg     . . .     Spirit   .   (no armour)
rPois    .         Reflect  +   o - +1 helmet
rElec    .         Harm     .   a - +0 cloak
rCorr    .         Rampage  .   l - +0 pair of gloves
MR       .....                  (no boots)
Stlth    +++.......             v - amulet of reflection
HPRegen  0.20/turn              (no ring)
MPRegen  0.16/turn              (no ring)

@: no status effects
A: distributed training, fangs 1, strong nose
a: Renounce Religion


You were on level 7 of the Dungeon.
You worshipped Okawaru.
Okawaru was noncommittal.
You visited 2 branches of the dungeon, and saw 8 of its levels.
You also visited: Sewer.

You collected 258 gold pieces.
You spent 168 gold pieces at shops.

Inventory:

Hand Weapons
 y - the +3 spear of Disintegration (weapon) {vorpal, Dex+3}
   (You bought it in a shop on level 4 of the Dungeon)

   It inflicts extra damage upon your enemies.
   It affects your dexterity (+3).
Missiles
 g - 42 poisoned darts (quivered)
Armour
 a - a +0 cloak (worn)
 j - a +0 ring mail
 l - a +0 pair of gloves (worn)
 o - a +1 helmet (worn)
Jewellery
 e - a cursed amulet of inaccuracy {unknown}
 i - an uncursed amulet of magic regeneration
 v - an amulet of reflection (around neck)
Scrolls
 f - 2 scrolls of identify
 k - 2 scrolls of immolation
 p - 3 scrolls of amnesia
 r - 2 scrolls of random uselessness
 u - 2 scrolls of enchant armour
Potions
 c - a potion of flight
 d - 2 potions of heal wounds
 h - 6 potions of curing
 m - a potion of mutation {unknown}
 n - a potion of ambrosia {unknown}
 q - a potion of stabbing
 s - a potion of haste {unknown}
 w - a potion of invisibility {unknown}
 x - a potion of brilliance
 z - a potion of might


   Skills:
 + Level 3.9 Fighting
 + Level 3.9 Short Blades
 + Level 3.9 Long Blades
 + Level 3.9 Axes
 + Level 3.9 Maces & Flails
 + Level 3.9 Polearms
 + Level 3.9 Staves
 + Level 3.9 Slings
 + Level 3.9 Bows
 + Level 3.9 Crossbows
 + Level 3.9 Throwing
 + Level 3.9 Armour
 + Level 6.1 Dodging
 + Level 5.8 Stealth
 + Level 3.9 Shields
 + Level 3.9 Unarmed Combat
 + Level 6.4 Spellcasting
 + Level 3.2 Conjurations
 + Level 3.2 Hexes
 + Level 3.2 Summonings
 + Level 7.9 Necromancy
 + Level 3.2 Translocations
 + Level 3.2 Transmutations
 + Level 3.2 Fire Magic
 + Level 3.2 Ice Magic
 + Level 3.2 Air Magic
 + Level 3.2 Earth Magic
 + Level 3.2 Poison Magic
 + Level 4.3 Invocations
 + Level 3.9 Evocations


You had 7 spell levels left.
You knew the following spells:

 Your Spells              Type           Power        Failure   Level
a - Pain                  Necr           ####         1%          1
b - Animate Dead          Necr           #####.....   3%          4
c - Vampiric Draining     Necr           #####.....   1%          3
d - Shock                 Conj/Air       ###.         2%          1
f - Airstrike             Air            ###.......   24%         4

Your spell library contained the following spells:

 Spells                   Type           Power        Failure   Level
 Animate Skeleton         Necr           #####.       1%          1
 Swiftness                Air            ###.....     3%          2
 Static Discharge         Conj/Air       ###.....     8%          3
 Agony                    Necr           #####...     10%         5
 Lightning Bolt           Conj/Air       ###.......   56%         5


Dungeon Overview and Level Annotations

Branches:
Dungeon (7/15)             Temple (1/1) D:6           Sewer (visited)

Altars:
Ashenzari
Dithmenos
Elyvilon
Gozag
Hepliaklqana
Makhleb
Okawaru
Qazlal
Ru
Sif Muna
Uskayaw
Vehumet
Wu Jian
Yredelemnul
Zin

Shops:
D:2 *   D:4 =(


Innate Abilities, Weirdness & Mutations

Your experience applies equally to all skills.
You have very sharp teeth.
Your uncanny sense of smell can sniff out nearby items.


Message History

The killer bee closely misses you. The killer bee stings you!
The killer bee stings you.
* * * LOW HITPOINT WARNING * * *
Casting: Vampiric Draining (safe; 1% risk of failure)
Confirm with . or Enter, or press ? or * to list all spells.
Aiming: Vampiric Draining (safe; 1% risk of failure)
Press: ? - help, Shift-Dir - straight line, f - killer bee
Aim: a killer bee (heavily wounded)
You kill the killer bee!
Okawaru accepts your kill.
You feel life coursing into your body. The steam dragon breathes steam at you.
The ball of steam misses you.
An orc priest comes into view. It is wielding a +0 short sword.
The orc priest shouts!
The hound zombie is engulfed in a cloud of scalding steam.
The steam dragon breathes steam at you. The ball of steam hits you!!
You die...

#.....#########..........#.#.
.............................
.(.....########.§....†.#.#.#
...............h.####..#.#
....)....####.Z#.#####..<#
.............h.#D##......#
.........#####.#§#.<.....#
.......D.# #.#§#.......#
..y......# #.#@#.###...#
.........# #...#. .....
........## ##... ...####
.......## #........+ ∆
......## ∆ ##....... .....##
#o.### ....# ##.# ..


You could see an orc priest.

Vanquished Creatures
  Grinder (D:4)
  An ice beast (D:5)
  2 ogres
  A centaur (D:6)
  A big kobold (Sewer)
  2 scorpions
  5 killer bees (D:7)
  4 wights (D:6)
  A centaur zombie (D:6)
  2 orc priests (D:6)
  A hound (D:5)
  A gnoll shaman (D:5)
  3 jellies (D:5)
  2 orc wizards (D:3)
  6 worker ants
  7 gnolls (D:5)
  8 river rats
  7 adders
  A shadow imp (D:3)
  An ufetubus (D:6)
  4 oozes
  An adder skeleton (D:6)
  4 worms
  A dart slug (D:1)
  3 leopard geckos
  4 orcs
  2 giant cockroaches (D:1)
  11 goblins
  4 hobgoblins
  2 jackals (Sewer)
  A quokka (D:2)
  11 bats
  6 frilled lizards
  A jackal zombie (D:5)
  12 kobolds
  A quokka skeleton (D:6)
  21 rats
146 creatures vanquished.

Vanquished Creatures (collateral kills)
  An adder (D:6)
1 creature vanquished.

Grand Total: 147 creatures vanquished

Notes
Turn   | Place    | Note
-------+----------+-------------------------------------------
     0 | D:1      | Ignak the Gnoll Necromancer began the quest for the Orb.
     0 | D:1      | Reached XP level 1. HP: 13/13 MP: 6/6
   444 | D:1      | Reached XP level 2. HP: 18/19 MP: 4/7
   759 | D:1      | Reached XP level 3. HP: 25/25 MP: 7/9
   764 | D:1      | Reached skill level 5 in Spellcasting
   769 | D:1      | Learned a level 3 spell: Vampiric Draining
  1013 | D:1      | Reached skill level 1 in Invocations
  1352 | D:2      | Found a white marble altar of Elyvilon.
  1407 | D:2      | Reached skill level 1 in Fighting
  1407 | D:2      | Reached skill level 1 in Short Blades
  1407 | D:2      | Reached skill level 1 in Long Blades
  1407 | D:2      | Reached skill level 1 in Axes
  1407 | D:2      | Reached skill level 1 in Maces & Flails
  1407 | D:2      | Reached skill level 1 in Polearms
  1407 | D:2      | Reached skill level 1 in Staves
  1407 | D:2      | Reached skill level 1 in Slings
  1407 | D:2      | Reached skill level 1 in Bows
  1407 | D:2      | Reached skill level 1 in Crossbows
  1407 | D:2      | Reached skill level 1 in Throwing
  1407 | D:2      | Reached skill level 1 in Armour
  1407 | D:2      | Reached skill level 1 in Shields
  1407 | D:2      | Reached skill level 1 in Unarmed Combat
  1407 | D:2      | Reached skill level 1 in Evocations
  1555 | D:2      | Reached XP level 4. HP: 32/32 MP: 11/11
  1562 | D:2      | Learned a level 4 spell: Animate Dead
  1589 | D:2      | Found a hazy altar of Hepliaklqana.
  1883 | D:2      | Found a broken altar of Ashenzari.
  1986 | D:2      | Reached skill level 1 in Conjurations
  1986 | D:2      | Reached skill level 1 in Hexes
  1986 | D:2      | Reached skill level 1 in Summonings
  1986 | D:2      | Reached skill level 1 in Translocations
  1986 | D:2      | Reached skill level 1 in Transmutations
  1986 | D:2      | Reached skill level 1 in Fire Magic
  1986 | D:2      | Reached skill level 1 in Ice Magic
  1986 | D:2      | Reached skill level 1 in Air Magic
  1986 | D:2      | Reached skill level 1 in Earth Magic
  1986 | D:2      | Reached skill level 1 in Poison Magic
  2023 | D:2      | Found an opulent altar of Gozag.
  2025 | D:2      | Found Gozag's Platinum Reserve.
  2065 | D:2      | Found a shimmering blue altar of Sif Muna.
  2699 | D:3      | Reached XP level 5. HP: 30/37 MP: 5/12
  2925 | D:3      | Found a glowing silver altar of Zin.
  2926 | D:3      | Noticed an angel
  3297 | D:4      | Found Moutetos's Antique Weapon Emporium.
  3310 | D:4      | Learned a level 4 spell: Airstrike
  3345 | D:4      | Reached XP level 6. HP: 30/44 MP: 10/14
  3469 | D:4      | Found Jeseclol's Jewellery Emporium.
  3521 | D:4      | Noticed Grinder
  3521 | D:4      | Paralysed by Grinder for 6 turns
  3839 | D:5      | Entered Level 5 of the Dungeon
  3946 | D:5      | Reached skill level 5 in Dodging
  3962 | D:5      | Noticed an ice beast
  3963 | D:5      | Noticed a +0 hand axe
  3964 | D:5      | Noticed a +0 dagger
  3973 | D:5      | Killed an ice beast
  3991 | D:5      | Found a hide-covered altar of Uskayaw.
  4005 | D:5      | Reached XP level 7. HP: 45/50 MP: 6/15
  4239 | D:5      | Found a glowing drain.
  4284 | Sewer    | Entered a sewer
  4666 | Sewer    | Found a white marble altar of Elyvilon.
  5007 | D:5      | Reached skill level 5 in Stealth
  5704 | D:6      | Noticed an air elemental
  5706 | D:6      | Found a stormy altar of Qazlal.
  5711 | D:6      | Noticed a water elemental
  5711 | D:6      | Noticed a fire elemental
  5730 | D:6      | Reached XP level 8. HP: 36/57 MP: 10/16
  6074 | D:4      | Paralysed by Grinder for 4 turns
  6082 | D:4      | Killed Grinder
  6197 | D:4      | Bought a shimmering spear for 168 gold pieces
  6197 | D:4      | Identified the +3 spear of Disintegration {vorpal, Dex+3}
                  | (You bought it in a shop on level 4 of the Dungeon)
  6349 | D:4      | Found a radiant altar of Vehumet.
  6641 | D:5      | Learned a level 1 spell: Shock
  7537 | D:6      | Found a staircase to the Ecumenical Temple.
  7606 | Temple   | Entered the Ecumenical Temple
  7641 | Temple   | Became a worshipper of Warmaster Okawaru
  7914 | D:7      | Reached XP level 9. HP: 65/65 MP: 18/18
  7981 | D:7      | Killed from afar by a steam dragon

Illustrated notes

Levels and vault maps discovered:
D:1:      matt_arrival_spirals, layout_basic
D:2:      layout_loops_corners, lemuel_crystal_altar,
          nicolae_gozag_zags_fifth_avenue, ashenzari_altar_1, led_sif_pool,
          elyvilon_altar_5, minmay_hedge_maze
D:3:      layout_basic, zin_angel
D:4:      layout_cave_pools, marbit_many_paths, serial_shops, shop,
          kennysheep_little_box, uniq_grinder
D:5:      layout_rooms, dancing_weapons_uskayaw, cheibrodos_sewer_entry_bend
D:6:      layout_loops_ring, nicolae_qazlal_style_of_elements, temple_statues,
          dk_rats_in_the_wall
D:7:      layout_basic, nicolae_tso_swordbearing_angel,
          nicolae_overflow_crystal_walls, serial_shops, shop_coins
Temple:   cyrus_temple_forest

Skill      XL: |  1  2  3  4  5  6  7  8 |
---------------+-------------------------+-----
Spellcasting   | 5 6 |  6.4
Invocations    | 1 2 3 4 |  4.3
Fighting       | 1 2 3 |  3.9
Short Blades   | 1 2 3 |  3.9
Long Blades    | 1 2 3 |  3.9
Axes           | 1 2 3 |  3.9
Maces & Flails | 1 2 3 |  3.9
Polearms       | 1 2 3 |  3.9
Staves         | 1 2 3 |  3.9
Slings         | 1 2 3 |  3.9
Bows           | 1 2 3 |  3.9
Crossbows      | 1 2 3 |  3.9
Throwing       | 1 2 3 |  3.9
Armour         | 1 2 3 |  3.9
Shields        | 1 2 3 |  3.9
Unarmed Combat | 1 2 3 |  3.9
Evocations     | 1 2 3 |  3.9
Conjurations   | 1 2 3 |  3.2
Hexes          | 1 2 3 |  3.2
Summonings     | 1 2 3 |  3.2
Translocations | 1 2 3 |  3.2
Transmutations | 1 2 3 |  3.2
Fire Magic     | 1 2 3 |  3.2
Ice Magic      | 1 2 3 |  3.2
Air Magic      | 1 2 3 |  3.2
Earth Magic    | 1 2 3 |  3.2
Poison Magic   | 1 2 3 |  3.2
Dodging        | 5 6 |  6.1
Stealth        | 5 |  5.8
Necromancy     | |  7.9

Action                   |  1- 3 |  4- 6 |  7- 9 || total
-------------------------+-------+-------+-------++-------
Melee: Short sword       |    44 |   122 |   135 ||   301
       Bite              |     4 |     9 |    23 ||    36
       Punch             |       |     2 |       ||     2
       Spear             |       |       |    92 ||    92
 Cast: Pain              |    27 |     2 |     5 ||    34
       Vampiric Draining |     5 |    19 |    46 ||    70
       Animate Dead      |       |     2 |     7 ||     9
       Shock             |       |       |    16 ||    16
       Airstrike         |       |       |     7 ||     7
  Use: Scroll            |     2 |    10 |     7 ||    19
       Potion            |       |     1 |     2 ||     3
 Stab: Sleeping          |     3 |     8 |     6 ||    17
Armor: Robe              |    10 |    16 |       ||    26
       Ring mail         |       |     3 |       ||     3
       Skin              |       |       |    20 ||    20
Dodge: Dodged            |    36 |    96 |   192 ||   324
Block: Other             |       |     5 |    64 ||    69
       Reflection        |       |       |     1 ||     1

Table legend: (Time is in decaauts)
 A = Elapsed time spent in this place.
 B = Non-inter-level travel time spent in this place.
 C = Inter-level travel time spent in this place.
 D = Time resting spent in this place.
 E = Time spent auto-exploring this place.
 F = Levels seen in this place.
 G = Mean time per level.
                   A        B        C        D        E       F      G
               +--------+--------+--------+--------+--------+-----+--------+
         Total |   7910 |   7852 |     58 |   1381 |   3500 |   9 |  878.9 |
       Dungeon |   7349 |   7291 |     58 |   1131 |   3452 |   7 | 1049.9 |
        Temple |     63 |     63 |      0 |      0 |      0 |   1 |   63.0 |
         Sewer |    497 |    497 |      0 |    250 |     48 |   1 |  497.0 |
               +--------+--------+--------+--------+--------+-----+--------+

Top non-repeatable levels by time:
     D:5: 1642 daAuts
     D:6: 1394 daAuts
     D:1: 1276 daAuts
     D:3: 1134 daAuts
     D:2: 1052 daAuts
     D:4: 777 daAuts
   Sewer: 497 daAuts
     D:7: 71 daAuts
  Temple: 63 daAuts
